 Dungeon Crawl Stone Soup version 0.28.0-53-g5a82cb258f (webtiles) character file.

Game seed: 14714845452873051723

16 Logoto the Ruffian (level 2, -1/23 HPs)
             Began as a Draconian Transmuter on Aug 1, 2022.
             Was a Believer of Jiyva.
             Succumbed to a kobold's poison
             ... on level 2 of the Dungeon.
             The game lasted 00:06:02 (898 turns).

Logoto the Ruffian (Draconian Transmuter)            Turns: 898, Time: 00:06:03

Health: -1/23      AC:  4    Str: 12    XL:     2   Next: 37%
Magic:  5/5        EV: 12    Int: 13    God:    Jiyva [**....]
Gold:   33         SH:  0    Dex: 11    Spells: 4/5 levels left

rFire   . . .      SeeInvis .   d - +0 spear
rCold   . . .      Faith    .   (no shield)
rNeg    . . .      Spirit   .   (armour unavailable)
rPois   .          Reflect  .   (helmet restricted)
rElec   .          Harm     .   e - scarf {repulsion}
rCorr   +          Rampage  .   (no gloves)
Will    .....                   (no boots)
Stlth   +.........              (no amulet)
HPRegen 1.03/turn               (no ring)
MPRegen 0.39/turn               (no ring)

@: lethally poisoned (-1 -> -19), repel missiles
A: AC +4, unfitting armour, cold-blooded
a: Renounce Religion


You were on level 2 of the Dungeon.
You worshipped Jiyva.
Jiyva was pleased with you.
You visited 1 branch of the dungeon, and saw 2 of its levels.

You collected 33 gold pieces.

Inventory:

Hand Weapons
 b - a +0 dagger
 d - a +0 spear (weapon)
Missiles
 a - 45 stones (quivered)
Armour
 e - a scarf of repulsion (worn)


   Skills:
 + Level 1.1 Fighting
 + Level 1.8 Dodging
 + Level 3.1 Unarmed Combat
 + Level 2.2 Spellcasting
 + Level 2.5 Transmutations


You had 4 spell levels left.
You knew the following spells:

 Your Spells              Type           Power      Damage    Failure   Level
a - Beastly Appendage     Tmut           16%        N/A       9%          1

Your spell library contained the following spells:

 Spells                   Type           Power      Damage    Failure   Level
 Wereblood                Tmut           8%         N/A       13%         2
 Spider Form              Tmut/Pois      4%         N/A       41%         3
 Ice Form                 Ice/Tmut       4%         N/A       83%         4


Dungeon Overview and Level Annotations

Branches:
Dungeon (2/15)

Altars:
Jiyva


Innate Abilities, Weirdness & Mutations

Your plain brown scales are hard. (AC +4)
You cannot fit into any form of body armour.
You are cold-blooded and may be slowed by cold attacks.


Message History

A kobold comes into view. It is wielding a +0 dagger.
The kobold shouts!
Casting: Beastly Appendage (safe; 9% risk of failure)
Confirm with . or Enter, or press ? or * to list all spells.
You grow a pair of large bovine horns.
Your feet morph into talons.
You hit the kobold but do no damage. Your kick misses the kobold.
The kobold hits you with a +0 dagger.
You closely miss the kobold. The kobold barely misses you.
You hear a distant slurping noise.
You closely miss the kobold. Your kick misses the kobold.
Your headbutt misses the kobold. The kobold misses you. x2
You hit the kobold.
You kill the kobold!
You hear a distant slurping noise.
You hear a squelching noise.
Things that are here:
a +0 dagger; a kobold corpse
b - a +0 dagger Your transformation is almost over.
You hear a distant slurping noise.
You hear a distant slurping noise.
You hear a distant slurping noise.
You hear a squelching noise.
Your horns disappear.
Your talons disappear.
You hear a distant slurping noise.
Found an escape hatch in the floor.
A kobold comes into view. It is wielding a +2 whip of venom.
The kobold shouts!
A kobold is nearby!
Jiyva is now protecting you from corrosive effects.
The kobold hits you with a +2 whip of venom.
You are poisoned.
You hit the kobold but do no damage.
You feel very sick. The kobold closely misses you.
You completely miss the kobold.
You feel very sick.
The kobold hits you with a +2 whip of venom.
* * * LOW HITPOINT WARNING * * *
You are more poisoned.
You hit the kobold but do no damage.
You die...

#.####..####.#
#............#
######.####### ## #.#
.. #.# .# #.# .# #.#
###.####
.######.#######..>...#
................@.#
..####...######.#K#
#.....# ###... ##...##
.##.# ##.## .. .. #.#
.. ## #.# ..# #+# ..#


You could see a kobold.

Vanquished Creatures
  An adder (D:2)
  A dart slug (D:1)
  2 ball pythons (D:1)
  A bat (D:2)
  A kobold (D:2)
  A rat (D:1)
7 creatures vanquished.

Vanquished Creatures (others)
  A bat (D:1)
  2 endoplasms (D:1)
  3 goblins
  3 kobolds (D:1)
  A ball python (D:1)
  4 fungi (D:1)
  2 plants (D:1)
16 creatures vanquished.

Grand Total: 23 creatures vanquished

Notes
Turn   | Place    | Note
-------+----------+-------------------------------------------
     0 | D:1      | Logoto the Draconian Transmuter began the quest for the
                  | Orb.
     0 | D:1      | Reached XP level 1. HP: 16/16 MP: 3/3
   198 | D:1      | Found a faded altar of an unknown god.
   211 | D:1      | Prayed at the altar of an unknown god.
   211 | D:1      | Became a worshipper of Jiyva Joag the Shapeless
   211 | D:1      | Reached * piety under Jiyva
   771 | D:2      | Reached XP level 2. HP: 20/23 MP: 5/5
   895 | D:2      | Reached ** piety under Jiyva
   898 | D:2      | Succumbed to a kobold's poison

Illustrated notes

Levels and vault maps discovered:
D:1:      dpeg_arrival_signposts, layout_loops_ring,
          dreamdust_ecumenical_altar_grove
D:2:      layout_loops_corners

Action                   || total
-------------------------++-------
Melee: Spear             ||    14
       Unarmed           ||     7
       Kick              ||     2
       Tailslap          ||     2
       Punch             ||     2
       Headbutt          ||     1
Throw: Stone             ||     3
 Cast: Beastly Appendage ||     4
 Stab: Sleeping          ||     1
Armor: Skin              ||     5
Dodge: Dodged            ||    10
